 Dungeon Crawl Stone Soup version 0.22-a0-445-g8c8ef71 (webtiles) character file.

367 Gorglomux the Chopper (level 6, -1/37 HPs)
             Began as a Gargoyle Fighter on June 2, 2018.
             Slain by an orc warrior
             ... wielding a +0 war axe
              (16 damage)
             ... on level 5 of the Dungeon.
             The game lasted 00:01:28 (1897 turns).

Gorglomux the Chopper (Gargoyle Fighter)            Turns: 1897, Time: 00:01:28

Health: -1/37      AC: 12    Str: 22    XL:     6   Next: 69%
Magic:  6/6        EV:  7    Int:  8    God:
Gold:   130        SH:  9    Dex:  9    Spells: 5/5 levels left

rFire    + . .     SeeInvis .   a - +0 war axe
rCold    . . .     Gourm    .   c - +0 shield
rNeg     + . .     Faith    .   b - +0 scale mail
rPois    ∞         Spirit   .   (no helmet)
rElec    +         Reflect  .   q - +0 cloak (curse)
rCorr    .         Harm     .   (no gloves)
MR       .....                  (no boots)
Stlth    ..........             (no amulet)
HPRegen  0.12/turn              f - ring of protection from fire
MPRegen  0.10/turn              (no ring)

@: no status effects
A: negative energy resistance 1, electricity resistance, unbreathing,
petrification resistance, rot immunity, AC +4
a: no special abilities


You were on level 5 of the Dungeon.
You were not hungry.

You visited 1 branch of the dungeon, and saw 5 of its levels.

You collected 130 gold pieces.

Inventory:

Hand Weapons
 a - a +0 war axe (weapon)
Armour
 b - a +0 scale mail (worn)
 c - a +0 shield (worn)
 q - a cursed +0 cloak (worn)
Jewellery
 f - a ring of protection from fire (left hand)
Wands
 I - a wand of iceblast (4)
Scrolls
 h - 2 scrolls of teleportation {unknown}
 i - a scroll of enchant weapon {unknown}
 k - 2 scrolls of remove curse {unknown}
 l - a scroll of magic mapping {unknown}
 m - a scroll of fear {unknown}
 n - a scroll of blinking {unknown}
 o - 2 scrolls of identify {unknown}
 L - a scroll of noise {unknown}
 N - a scroll of amnesia {unknown}
Potions
 d - a potion of might
 J - a potion of haste {unknown}
 K - 2 potions of curing {unknown}
 M - a potion of lignification {unknown}
Comestibles
 p - 9 rations
 O - a chunk of flesh


   Skills:
 - Level 3.3 Fighting
 + Level 6.2 Axes
 - Level 3.3 Armour
 - Level 3.3 Shields


You had 5 spell levels left.
You didn't know any spells.
Your spell library was empty.

Dungeon Overview and Level Annotations

Branches:
Dungeon (5/15)
 Temple: D:4-7

Altars:
Elyvilon
Ru
Vehumet
Xom

Shops:
D:4 (


Innate Abilities, Weirdness & Mutations

You are resistant to torment.
Your stone body is resilient. (AC +4)
You are immune to poison.
You resist negative energy. (rN+)
You are resistant to electric shocks. (rElec)
You can survive without breathing.
You are immune to petrification.
You are immune to rotting.


Message History

You block the orc warrior's attack!
You cut the orc warrior but do no damage!
The butt warrior is moderately wounded!
The orc warrior hits you with a war axe!!!
Unknown command!
You slice the orc warrior but do no damage!
The orc warrior is moderately wounded!
The orc warrior barely misses butt!
You slice the orc warrior but do no damage!
The orc warrior is moderately wounded!
The orc warrior hits you with a war axe!
Unknown command!
Sorry, you're not good enough to have a special ability!
Firing (butt - inventory) No suitable missiles!
Press: ? - help, Shift-Dir - straight line, f - orc warrior
Aim: an orc warrior, wielding a war axe and butt a butt armour (moderately wounded)
Okay, then!
There is a stone staircase leading up here!
The orc warrior hits you with a war axe!!! rip

#.# #.#
##.##
##...##
.....
...##
#.#.##
#@...####
#o.<....+
#....####
####.#.###
#........#
#.##o###.#
# #.o# #.#
# #.## #.#
#.#.# #.#


You could see an orc warrior and 2 orcs.

Vanquished Creatures
  Grinder (D:4)
  A bullfrog zombie (D:5)
  An iguana (D:4)
  3 adders
  An adder skeleton (D:4)
  A worm (D:3)
  A dart slug (D:3)
  3 leopard geckos
  5 orcs (D:3)
  2 ball pythons (D:3)
  A giant cockroach (D:2)
  3 goblins
  3 hobgoblins
  7 jackals
  5 quokkas
  A ball python skeleton (D:4)
  5 bats
  A frilled lizard (D:2)
  8 kobolds
  5 rats
58 creatures vanquished.

Notes
Turn   | Place    | Note
-------+----------+-------------------------------------------
     0 | D:1      | Gorglomux the Gargoyle Fighter began the quest for the Orb.
     0 | D:1      | Reached XP level 1. HP: 14/14 MP: 1/1
   108 | D:1      | Reached skill level 2 in Axes
   164 | D:1      | Reached XP level 2. HP: 17/19 MP: 2/2
   426 | D:2      | Reached XP level 3. HP: 23/23 MP: 3/3
   431 | D:2      | Reached skill level 3 in Axes
   544 | D:3      | Found a sacrificial altar of Ru.
   798 | D:3      | Reached XP level 4. HP: 21/28 MP: 4/4
   903 | D:3      | Found a radiant altar of Vehumet.
   905 | D:3      | Found a white marble altar of Elyvilon.
   935 | D:3      | Reached skill level 4 in Axes
  1036 | D:4      | Found Xyheocuo's Antique Weapon Boutique.
  1180 | D:4      | Found a shimmering altar of Xom.
  1227 | D:4      | Noticed Grinder
  1232 | D:4      | Paralysed by Grinder for 4 turns
  1247 | D:4      | Killed Grinder
  1247 | D:4      | Reached skill level 6 in Axes
  1247 | D:4      | Reached XP level 5. HP: 8/32 MP: 5/5
  1247 | D:4      | Reached XP level 6. HP: 9/37 MP: 6/6
  1818 | D:5      | Entered Level 5 of the Dungeon
  1871 | D:5      | Noticed an orc warrior
  1897 | D:5      | Slain by an orc warrior

Vault maps used:
D:1:      dpeg_arrival_orchard
D:2:      minmay_diamond_boxcup, grunt_dithmenos_smoke_and_mirrors,
          marbit_many_paths
D:3:      chequers_temple_overflow_statue_of_worship, first_ration,
          nicolae_ru_awakened_eye
D:4:      xom_teletrap_fun, serial_shops, shop, minmay_misc_feat_pillars,
          uniq_grinder
D:5:      fedhas_altar_3, serial_shops, kennysheep_mini_moat

Skill      XL: |  1  2  3  4 |
---------------+-------------+-----
Axes           | 2 3 6 |  6.2
Fighting       | |  3.3
Armour         | |  3.3
Shields        | |  3.3

Action                   |  1- 3 |  4- 6 || total
-------------------------+-------+-------++-------
Melee: War axe           |   148 |    78 ||   226
  Eat: Chunk             |       |     4 ||     4
Armor: Scale mail        |   111 |    39 ||   150
Dodge: Dodged            |    65 |    26 ||    91
Block: Shield            |    80 |    35 ||   115

Table legend:
 A = Spawn XP
 B = Non-spawn XP
 C = Spawn XP percentage of total XP
 D = Spawn monster count
 E = Non-spawn monster count
 F = Spawn count percentage of total count
 G = Total turns spent on level
                    A         B        C        D         E        F      G
               +---------+---------+-------+---------+---------+-------+---------
         Total |       0 |     525 |   0.0 |       0 |      58 |   0.0 |  1897
               +---------+---------+-------+---------+---------+-------+---------
           D:1 |       0 |      22 |   0.0 |       0 |      15 |   0.0 |   332
           D:2 |       0 |      16 |   0.0 |       0 |       9 |   0.0 |   178
           D:3 |       0 |      79 |   0.0 |       0 |      24 |   0.0 |   526
           D:4 |       0 |     357 |   0.0 |       0 |       8 |   0.0 |   782
           D:5 |       0 |      51 |   0.0 |       0 |       2 |   0.0 |    79
               +---------+---------+-------+---------+---------+-------+---------
